 Dungeon Crawl Stone Soup version 0.19-a0-1899-g2d93087 (webtiles) character file.

149451 Naow the Spry (level 16, 0/70 HPs)
             Began as a Spriggan Enchanter on Oct 20, 2016.
             Was the Champion of Dithmenos.
             Slain by a nagaraja
             ... wielding a +0 club
              (14 damage)
             ... on level 4 of the Snake Pit.
             The game lasted 01:52:28 (36275 turns).

Naow the Spry (Spriggan Enchanter)                 Turns: 36275, Time: 01:52:28

Health: 0/70       AC: 11    Str:  4    XL:     16   Next: 96%
Magic:  11/36      EV: 40    Int: 23    God:    Dithmenos [******]
Gold:   231        SH: 12    Dex: 22    Spells: 6 memorised, 31 levels left

rFire  + . .     SeeInvis +     a - +3 dagger
rCold  . . .     Gourm    .     r - +1 robe of Precision Catastrophes {rC+ rN+}
rNeg   + . .     Faith    .     Z - +3 buckler {AC+3}
rPois  .         Spirit   .     f - +2 hat "Dilitik" {Int+5}
rElec  .         Reflect  .     Q - +2 cloak
rCorr  .         Harm     .     (gloves unavailable)
MR     ++...                    (boots unavailable)
Stlth  ++++++++++               S - amulet of regeneration
                                l - +5 ring of evasion
                                W - ring of fire

@: lethally poisoned (0 -> 0), wreathed by umbra, very quick
A: unfitting armour, see invisible, herbivore 3, speed 3, slow metabolism 2
a: Shadow Step, Shadow Form, Renounce Religion


You were on level 4 of the Snake Pit.
You worshipped Dithmenos.
Dithmenos was exalted by your worship.
You were not hungry.

You visited 6 branches of the dungeon, and saw 28 of its levels.
You also visited: Ossuary.

You collected 1948 gold pieces.
You spent 1717 gold pieces at shops.

Inventory:

Hand Weapons
 a - a +3 dagger (weapon)
 K - a +0 blowgun
Missiles
 L - 48 poisoned needles
Armour
 f - the +2 hat "Dilitik" (worn) {Int+5}
   (You bought it in a shop on level 3 of the Snake Pit)

   It affects your intelligence (+5).
 r - the +1 robe of Precision Catastrophes (worn) {rC+ rN+}
   (You bought it in a shop on level 1 of the Depths)

   It protects you from cold.
   It protects you from negative energy.
 Q - a +2 cloak (worn)
 Z - a +3 buckler of protection (worn)
Jewellery
 i - an uncursed ring of resist corrosion
 l - a +5 ring of evasion (right hand)
 C - a +3 ring of slaying
 F - an uncursed ring of ice
 N - an uncursed ring of positive energy
 S - an amulet of regeneration (around neck)
 W - a ring of fire (left hand)
 Y - an uncursed amulet of magic regeneration
Wands
 E - a wand of teleportation (6/9)
 I - a wand of paralysis (12/24)
 J - a wand of disintegration (8/24)
 X - a wand of digging (13/24)
Scrolls
 c - 2 scrolls of silence
 e - 6 scrolls of enchant armour
 g - 9 scrolls of identify
 t - 5 scrolls of recharging
 v - 8 scrolls of remove curse
 w - 2 scrolls of fog
 y - 6 scrolls of amnesia
 B - a scroll of blinking
 M - 2 scrolls of enchant weapon
 R - a scroll of fear
 T - 2 scrolls of magic mapping
 U - a scroll of summoning
 V - 4 scrolls of teleportation
Potions
 b - a potion of resistance
 j - 12 potions of curing
 k - a potion of invisibility
 m - 8 potions of brilliance
 n - 6 potions of haste
 o - a potion of ambrosia
 p - a potion of berserk rage
 q - 2 potions of mutation
 s - 4 potions of lignification
 u - 6 potions of heal wounds
 x - 3 potions of flight
 A - 3 potions of cure mutation
 D - 2 potions of agility
 G - 2 potions of cancellation
 O - 3 potions of magic
 P - 2 potions of might
Comestibles
 d - 14 bread rations
 h - 11 fruits
 z - 8 royal jellies
 H - 3 slices of pizza


   Skills:
 - Level 2.2 Fighting
 - Level 13.6 Short Blades
 - Level 17.1 Dodging
 - Level 15.0 Stealth
 + Level 6.6 Shields
 - Level 15.0 Spellcasting
 - Level 12.2 Hexes
 - Level 6.7 Air Magic
 - Level 13.0 Invocations
 - Level 4.0 Evocations


You had 31 spell levels left.
You knew the following spells:

 Your Spells              Type           Power        Failure   Level  Hunger
a - Corona                Hex            ######.      1%          1    None
b - Ensorcelled Hibernat  Hex/Ice        #####.       1%          2    None
c - Tukima's Dance        Hex            ######..     1%          3    None
d - Confuse               Hex            ######..     1%          3    None
e - Dazzling Spray        Conj/Hex       #####.       1%          3    None
f - Repel Missiles        Chrm/Air       ####..       1%          2    None


Dungeon Overview and Level Annotations

Branches:
Dungeon (15/15)            Temple (1/1) D:7            Lair (6/6) D:11
 Shoals (0/4) Lair:3        Snake (4/4) Lair:3          Orc (1/2) D:11
 Vaults (0/5) D:13         Depths (1/5) D:15
  Slime: Lair:5-6

Altars:
Ashenzari
Cheibriados
Dithmenos
Elyvilon
Fedhas
Gozag
Hepliaklqana
Kikubaaqudgha
Makhleb
Nemelex Xobeh
Okawaru
Qazlal
Ru
Sif Muna
Trog
Uskayaw
Vehumet
Xom
Yredelemnul
Zin
The Shining One

Shops:
D:9 }   D:11 *   Snake:2 !   Snake:3 [=[}==}   Snake:4 !   Depths:1 *

Annotations:
Lair:4 exclusion: 2 oklob plants
Snake:1 Aizul
Depths:1 Saint Roka


Innate Abilities, Weirdness & Mutations

You are very small and have problems with some larger weapons.
You are too small for most types of armour.
You have supernaturally acute eyesight. (SInv)
You are a herbivore.
You cover ground extremely quickly.
You need consume almost no food.


Message History

Your shadow mimicks your spell!
The nagaraja resists with almost no effort.
You feel sick. The nagaraja hits you with a club!!
The nagaraja completely misses you.
Casting: Confuse
Confirm with . or Enter, or press ? or * to list all spells.
Aiming: Confuse
Press: ? - help, Shift-Dir - straight line, f/p - nagaraja
Aim: a nagaraja, wielding a club and wearing a robe (black smoke, catching its breath, umbra, chance to defeat MR: 1%)
The nagaraja resists with almost no effort.
The nagaraja shouts!
The nagaraja casts a spell.
The nagaraja seems to speed up.
The nagaraja hits you with a club!
* * * LOW HITPOINT WARNING * * *
You emit a cloud of dark smoke.
The nagaraja completely misses you.
There is an escape hatch in the ceiling here.
You see here 2 arrows.
You feel sick. The nagaraja hits you with a club!
You die...

.§#§##......#....###
##.§§.........#....##
...§...........#....#
S...................#
....................##
......#.........§§...#
...N...........§§§...##
.###.#....[..()§N##...###
.###.#######..§§@§##(...##
.#...#.####....§#§§[...N.##
.#.#.....N......§§)(#.....##
NN..#.....########..<....(.###
....#...### ####((......##
....#.### ###.......## ....###
##.....§.## ....# #..(..§§.#
....# ##..(.§§..


You could see a nagaraja and a naga sharpshooter.

Vanquished Creatures
  Vashnia (Snake:2)
  Frances (D:13)
  Kirke (D:15)
  A nagaraja (Snake:2)
  Louise (Snake:2)
  A dire elephant (Lair:5)
  An ettin (Orc:1)
  A fire dragon (D:15)
  An ice dragon (Depths:1)
  7 hydras
  16 naga warriors
  Erolcha (D:9)
  13 anacondas
  2 centaur warriors
  A tengu warrior (D:13)
  10 naga sharpshooters
  6 shock serpents
  The ghost of Gottschkopf the Arsonist, a novice DEFE of Vehumet (D:11)
  4 salamander mystics
  A skeletal warrior (D:9)
  2 unseen horrors
  A wizard (D:13)
  4 naga ritualists
  7 hill giants
  6 mana vipers
  4 deep elf magi
  4 cyclopes
  21 salamanders
  3 manticores
  10 ugly things
  Joseph (D:9)
  Maurice (D:11)
  53 black mambas
  28 elephants
  7 guardian serpents
  10 spiny frogs
  14 naga magi
  A gargoyle (D:13)
  4 komodo dragons
  2 yaktaurs (Depths:1)
  An efreet (D:13)
  A rime drake (Lair:2)
  6 trolls
  A queen bee (D:9)
  2 two-headed ogres
  5 dream sheep (Lair:3)
  12 hippogriffs
  9 blink frogs
  2 hornets
  A meliai zombie (D:14)
  12 slime creatures
  A spriggan (Lair:5)
  3 shadows
  3 wraiths
  6 wyverns
  4 hogs (D:15)
  24 yaks
  A vampire (D:12)
  4 basilisks
  2 hungry ghosts
  A steam dragon (D:14)
  Menkaure (D:7)
  2 mottled dragons
  45 nagas
  6 porcupines
  9 water moccasins
  A black bear (D:6)
  7 orc warriors
  6 sky beasts
  3 ice beasts
  4 phantoms
  13 ogres
  An eye of draining (D:10)
  11 wolves (Lair:1)
  2 centaurs
  9 crocodiles
  3 big kobolds
  24 bullfrogs
  2 earth elementals (D:11)
  A gnoll sergeant (D:9)
  2 wyvern zombies
  A wyvern skeleton (D:14)
  5 scorpions
  21 killer bees
  3 howler monkeys (D:7)
  6 crimson imps
  6 centaur zombies
  3 jellies
  A quasit (D:8)
  3 orc priests
  A bullfrog skeleton (D:8)
  8 hounds
  6 centaur skeletons
  2 iguanas
  6 orc wizards
  8 worker ants
  A hound skeleton (D:9)
  3 mummies (Ossuary)
  2 worker ant zombies
  21 adders
  12 gnolls
  A shadow imp (D:8)
  3 adder skeletons
  A worm (D:2)
  3 dart slugs
  6 leopard geckos
  35 orcs
  A ball python (D:3)
  5 giant cockroaches
  7 goblins
  15 hobgoblins
  10 jackals (D:6)
  4 quokkas
  9 bats
  4 frilled lizards
  3 goblin zombies (Ossuary)
  5 hobgoblin zombies (Ossuary)
  2 jackal skeletons
  21 kobolds
  3 kobold zombies (Ossuary)
  4 rats
  A butterfly (Lair:3)
  A plant (Lair:2)
770 creatures vanquished.

Vanquished Creatures (others)
  2 humans (D:15)
  45 fungi
  17 plants
64 creatures vanquished.

Grand Total: 834 creatures vanquished

Notes
Turn   | Place    | Note
-------+----------+-------------------------------------------
     0 | D:1      | Naow the Spriggan Enchanter began the quest for the Orb.
     0 | D:1      | Reached XP level 1. HP: 9/9 MP: 5/5
   474 | D:1      | Reached XP level 2. HP: 13/13 MP: 6/6
   478 | D:1      | Learned a level 2 spell: Ensorcelled Hibernation
  1276 | D:2      | Reached XP level 3. HP: 16/16 MP: 8/8
  1617 | D:2      | Reached skill level 5 in Stealth
  1657 | D:2      | Reached XP level 4. HP: 17/21 MP: 9/9
  2078 | D:3      | Learned a level 3 spell: Tukima's Dance
  2082 | D:3      | Learned a level 3 spell: Confuse
  2336 | D:3      | Noticed a bullfrog
  2341 | D:3      | Killed a bullfrog
  2341 | D:3      | Reached skill level 4 in Dodging
  2341 | D:3      | Reached XP level 5. HP: 24/24 MP: 9/11
  2417 | D:3      | Found a blossoming altar of Fedhas.
  3562 | D:4      | Reached XP level 6. HP: 15/28 MP: 7/12
  3666 | D:4      | Reached skill level 5 in Hexes
  4081 | D:4      | Reached skill level 5 in Dodging
  4260 | D:5      | Entered Level 5 of the Dungeon
  4363 | D:5      | Noticed a sky beast
  4387 | D:5      | Killed a sky beast
  4571 | D:5      | Reached XP level 7. HP: 32/32 MP: 7/14
  5541 | D:6      | Reached skill level 6 in Dodging
  5541 | D:6      | Reached skill level 5 in Spellcasting
  5630 | D:6      | Reached XP level 8. HP: 31/36 MP: 8/17
  5733 | D:6      | Found a sacrificial altar of Ru.
  5746 | D:6      | Reached skill level 5 in Short Blades
  5829 | D:6      | Found an iron altar of Okawaru.
  5839 | D:6      | Reached skill level 7 in Dodging
  6374 | D:7      | Noticed Menkaure
  6374 | D:7      | Noticed a hippogriff
  6377 | D:7      | Killed Menkaure
  6377 | D:7      | Reached skill level 8 in Dodging
  6377 | D:7      | Reached XP level 9. HP: 39/39 MP: 13/20
  6485 | D:7      | Found a staircase to the Ecumenical Temple.
  6501 | Temple   | Entered the Ecumenical Temple
  6716 | Temple   | Became a worshipper of Dithmenos the Shadowed
  7006 | D:7      | Reached skill level 9 in Dodging
  7108 | D:7      | Reached skill level 10 in Stealth
  7543 | D:8      | Reached * piety under Dithmenos
  7650 | D:8      | Reached XP level 10. HP: 44/44 MP: 18/23
  7999 | D:8      | Reached skill level 10 in Dodging
  8038 | D:8      | Reached ** piety under Dithmenos
  8245 | D:8      | Found a sand-covered staircase.
  8261 | Ossuary  | Entered an ossuary
  8785 | D:9      | Noticed a skeletal warrior
  8786 | D:9      | Noticed a skeletal warrior
  9061 | D:9      | Found Diedulea's Gadget Emporium.
  9194 | D:9      | Noticed a skeletal warrior
  9247 | D:9      | Killed a skeletal warrior
  9290 | D:9      | Noticed Joseph
  9364 | D:9      | Killed Joseph
  9583 | D:9      | Reached *** piety under Dithmenos
  9583 | D:9      | Reached skill level 11 in Dodging
  9904 | D:9      | Reached XP level 11. HP: 47/47 MP: 20/25
 10110 | D:10     | Entered Level 10 of the Dungeon
 10166 | D:10     | Noticed Erolcha
 10190 | D:10     | Reached skill level 10 in Hexes
 10435 | D:9      | Killed Erolcha
 10685 | D:10     | Reached skill level 10 in Spellcasting
 10713 | D:10     | Reached **** piety under Dithmenos
 11424 | D:11     | Found a staircase to the Orcish Mines.
 11510 | D:11     | Noticed Gottschkopf's ghost (novice DEFE)
 11523 | D:11     | Killed Gottschkopf's ghost
 11567 | D:11     | Noticed a hill giant
 11589 | D:11     | Reached skill level 12 in Dodging
 11640 | D:11     | Killed a hill giant
 11836 | D:11     | Found a staircase to the Lair.
 12081 | D:11     | Found Ublelano's Pet Rocks.
 12110 | D:11     | Learned a level 3 spell: Dazzling Spray
 12114 | D:11     | Noticed a cyan ugly thing
 12131 | D:11     | Killed a cyan ugly thing
 12349 | D:11     | Noticed Maurice
 12355 | D:11     | Killed Maurice
 12453 | D:12     | Noticed a hill giant
 12461 | D:12     | Killed a hill giant
 12461 | D:12     | Reached XP level 12. HP: 51/51 MP: 27/27
 12574 | D:12     | Reached skill level 10 in Short Blades
 13079 | D:13     | Noticed a centaur warrior
 13086 | D:13     | Killed a centaur warrior
 13086 | D:13     | Reached skill level 1 in Invocations
 13141 | D:13     | Reached skill level 13 in Dodging
 13248 | D:13     | Reached ***** piety under Dithmenos
 13257 | D:13     | Noticed Frances
 13336 | Lair:1   | Entered Level 1 of the Lair of Beasts
 13578 | Lair:1   | Noticed a six-headed hydra
 13618 | Lair:1   | Killed a six-headed hydra
 15121 | Lair:2   | Reached XP level 13. HP: 37/55 MP: 9/29
 15851 | Lair:3   | Reached skill level 5 in Invocations
 16016 | Lair:3   | Found a staircase to the Snake Pit.
 16162 | Lair:3   | Reached skill level 15 in Stealth
 16232 | Lair:3   | Found a staircase to the Shoals.
 17833 | Lair:4   | Reached skill level 14 in Dodging
 18191 | Lair:4   | Learned a level 2 spell: Repel Missiles
 18822 | Lair:4   | Reached skill level 1 in Air Magic
 19628 | Lair:5   | Noticed a dire elephant
 20105 | Lair:5   | Reached XP level 14. HP: 49/59 MP: 2/31
 20161 | Lair:5   | Reached ****** piety under Dithmenos
 21115 | Lair:6   | Entered Level 6 of the Lair of Beasts
 21410 | Snake:1  | Entered Level 1 of the Snake Pit
 22316 | Snake:1  | Noticed Aizul
 22656 | D:13     | Found a gate to the Vaults.
 22808 | D:13     | Killed Frances
 23080 | D:14     | Reached skill level 15 in Dodging
 23733 | D:14     | Reached skill level 10 in Invocations
 24164 | D:15     | Entered Level 15 of the Dungeon
 24211 | D:15     | Noticed Kirke
 24704 | D:15     | Reached skill level 5 in Air Magic
 24762 | D:15     | Reached XP level 15. HP: 63/63 MP: 30/33
 24767 | D:15     | Killed Kirke
 24991 | D:15     | Found a staircase to the Depths.
 25203 | Depths:1 | Entered Level 1 of the Depths
 25214 | Depths:1 | Found Agirut's Assorted Antiques.
 25220 | Depths:1 | Bought an ancient robe for 119 gold pieces
 25220 | Depths:1 | Bought a tiny diamond amulet for 105 gold pieces
 25220 | Depths:1 | Bought an emerald potion for 18 gold pieces
 25249 | Depths:1 | Identified the +1 robe of Precision Catastrophes {rC+ rN+} (You bought it in a shop on level 1 of the Depths)
 25252 | Depths:1 | Noticed Saint Roka
 25542 | Orc:1    | Entered Level 1 of the Orcish Mines
 27126 | Snake:1  | Reached skill level 16 in Dodging
 29674 | Snake:2  | Noticed a nagaraja
 29686 | Snake:2  | Killed a nagaraja
 29786 | Snake:2  | Noticed Louise
 29915 | Snake:2  | Killed Louise
 30566 | Snake:2  | Noticed Vashnia
 30567 | Snake:2  | Killed Vashnia
 30567 | Snake:2  | Reached skill level 15 in Spellcasting
 30567 | Snake:2  | Reached XP level 16. HP: 67/67 MP: 34/36
 30744 | Snake:2  | Reached skill level 1 in Evocations
 30928 | Snake:2  | Reached skill level 1 in Fighting
 31030 | Snake:2  | Found Seskonee's Distillery.
 31038 | Snake:2  | Bought a potion of curing for 39 gold pieces
 31038 | Snake:2  | Bought a potion of heal wounds for 65 gold pieces
 31419 | Snake:3  | Reached skill level 17 in Dodging
 32102 | Snake:3  | Found Mog Tucw's Armour Shop.
 32111 | Snake:3  | Bought a +2 buckler of protection for 387 gold pieces
 32163 | Snake:3  | Reached skill level 1 in Shields
 32251 | Snake:3  | Found Ucucreifu's Jewellery Shoppe.
 32502 | Snake:3  | Bought an uncursed amulet of regeneration for 480 gold pieces
 32566 | Snake:3  | Found Duofoval's Armour Emporium.
 32574 | Snake:3  | Bought the +2 hat "Dilitik" {Int+5} for 504 gold pieces
 33043 | Snake:3  | Found Vyof's Jewellery Boutique.
 33045 | Snake:3  | Found Upitzax's Gadget Emporium.
 33046 | Snake:3  | Found Yruurett's Jewellery Boutique.
 33371 | Snake:3  | Found Hidwov's Gadget Emporium.
 33787 | Snake:4  | Entered Level 4 of the Snake Pit
 33820 | Snake:4  | Found Luygoxzi's Distillery.
 34453 | Snake:4  | Reached skill level 5 in Shields
 36113 | Snake:3  | HP: 3/70 [poisoned by a nagaraja (splash of poison)]
 36119 | Snake:3  | HP: 3/70 [poisoned by a nagaraja (splash of poison)]
 36125 | Snake:3  | HP: 3/70 [poisoned by a nagaraja (splash of poison)]
 36275 | Snake:4  | Slain by a nagaraja

Vault maps used:
D:1:      lemuel_arrival_hallway
D:3:      fedhas_altar_4
D:4:      first_bread, serial_forest, infiniplex_forest_lined_3,
          infiniplex_forest_corner_1, infiniplex_forest_clump_C,
          infiniplex_forest_clump_tiny, infiniplex_forest_diagonal
D:6:      okawaru_trees_1, hangedman_ru_absence, hex_large, minmay_bent
D:7:      uniq_menkaure
D:8:      enter_ossuary_1
D:9:      serial_shops, shop, david_nohive_1, uniq_joseph
D:10:     uniq_erolcha
D:11:     lair_0_dummy, orc_0_dummy, guppyfry_shop_earth, uniq_maurice
D:12:     minmay_sticks_and_stones
D:13:     david_vaults_1, minmay_librarian, uniq_frances
D:14:     minivault_11
D:15:     grunt_enter_depths_hoard, minivault_23, uniq_kirke
Temple:   hc_temple_tempest_star
Lair:1:   beast_lair_carwin_11
Lair:2:   minmay_lair_venomous_thicket
Lair:3:   minmay_shoals_entry_beasts, minmay_snake_entry_guardpost_small,
          lemuel_fruit_fields
Lair:4:   dpeg_oklob_gauntlet, serial_bayou, serial_bayou_crossing,
          serial_bayou_lagoon_a, serial_bayou_shore_b, serial_bayou_pond_c
Lair:5:   mu_elephants_graveyard
Lair:6:   cheibrodos_lair_end_hotspot, minmay_slime_entry_pillars
Snake:1:  uniq_aizul
Snake:2:  serial_shops, nicolae_shop_behind_doors, spider_trap, uniq_vashnia,
          uniq_louise
Snake:3:  serial_shops, shop_fountains, shop_coins, shop,
          nicolae_shop_temple_entry_statues_fountains, grunt_megastairs_4,
          minmay_shop_grove
Snake:4:  grunt_snake_rune_spirals, serial_shops, shop
Orc:1:    uniq_josephine, uniq_urug
Depths:1: hex_medium, lightli_too_deep, serial_shops, nicolae_shop_trees,
          grunt_ministairs_8, minmay_misc_feat_nine_boxes,
          minmay_shop_grid_forest, water_boxes_lemuel, uniq_saint_roka
Ossuary:  ossuary_kennysheep_city_of_the_dead

Skill      XL: |  1  2  3  4  5  6  7  8  9 10 11 12 13 14 15 16 |
---------------+-------------------------------------------------+-----
Spellcasting   | 3 4 5 6 8 9 10 11 12 13 15 | 15.0
Short Blades   | 2 3 4 6 7 8 9 10 11 12 13 | 13.6
Stealth        | 5 6 7 9 10 12 13 14 15 | 15.0
Hexes          | 4 5 6 7 8 9 11 12 | 12.2
Dodging        | 4 5 6 8 9 11 12 13 14 15 16 17 | 17.1
Invocations    | 4 8 10 12 13 | 13.0
Air Magic      | 2 5 6 |  6.7
Evocations     | 4 |  4.0
Fighting       | 2 |  2.2
Shields        | 6 |  6.6

Action                   |  1- 3 |  4- 6 |  7- 9 | 10-12 | 13-15 | 16-18 || total
-------------------------+-------+-------+-------+-------+-------+-------++-------
Melee: Dagger            |   170 |   230 |   238 |   778 |   490 |   210 ||  2116
 Cast: Ensorcelled Hiber |     8 |    20 |    44 |   163 |   467 |   361 ||  1063
       Corona            |       |     1 |       |     1 |     1 |       ||     3
       Confuse           |       |       |     4 |    33 |    71 |    26 ||   134
       Dazzling Spray    |       |       |       |     9 |       |       ||     9
       Tukima's Dance    |       |       |       |     2 |       |       ||     2
       Repel Missiles    |       |       |       |       |       |     2 ||     2
Evoke: Wand              |       |       |       |       |     2 |       ||     2
  Use: Scroll            |       |       |     8 |    19 |     6 |     4 ||    37
       Potion            |       |       |       |       |     1 |     1 ||     2
 Stab: Sleeping          |    15 |    34 |    42 |   146 |   240 |   100 ||   577
       Distracted        |       |     1 |     1 |     7 |    11 |     3 ||    23
       Confused          |       |       |     3 |    13 |    23 |    10 ||    49
  Eat: Bread ration      |       |     1 |       |     2 |     2 |     1 ||     6
Armor: Robe              |    17 |    16 |    15 |    23 |    22 |     7 ||   100
Dodge: Dodged            |   138 |   157 |   162 |   595 |   709 |   445 ||  2206
       Deflected         |       |       |       |       |       |    20 ||    20
Block: Buckler           |       |       |       |       |       |   154 ||   154
